 Dungeon Crawl Stone Soup version 0.20.0 (webtiles) character file.

137 Eucla the Sneak (level 5, -2/34 HPs)
             Began as an Octopode Assassin on May 31, 2017.
             Slain by a hungry ghost (4 damage)
             ... on level 3 of the Dungeon.
             The game lasted 00:02:52 (2390 turns).

Eucla the Sneak (Octopode Assassin)                 Turns: 2390, Time: 00:02:53

Health: -2/34      AC:  1    Str: 11    XL:     5   Next: 20%
Magic:  5/5        EV: 13    Int: 13    God:
Gold:   57         SH:  0    Dex: 14    Spells: 4/4 levels left

rFire    . . .     SeeInvis .   n - -1 short sword (curse)
rCold    . . .     Gourm    .   (no shield)
rNeg     . . .     Faith    .   (helmet restricted)
rPois    .         Spirit   .   (no amulet)
rElec    .         Reflect  .   (no ring)
rCorr    .         Harm     .   (no ring)
MR       .....                  (no ring)
Stlth    ++++......             (no ring)
Regen    0.2/turn               (no ring)
MPRegen  0.1/turn               (no ring)
                                (no ring)
                                (no ring)

@: starving
A: almost no armour, stealthy swim, amphibious, 8 rings, constrict 8, camouflage
1, gelatinous body 1
a: no special abilities


You were on level 3 of the Dungeon.
You were starving.

You visited 1 branch of the dungeon, and saw 3 of its levels.

You collected 57 gold pieces.

Inventory:

Hand Weapons
 a - a +2 dagger
 b - a +0 blowgun
 n - a cursed -1 short sword (weapon)
Missiles
 c - 14 poisoned needles
 d - 2 curare-tipped needles
 j - 4 javelins (quivered)
 l - 32 stones
Wands
 p - a wand of confusion (31/48)
Scrolls
 e - 2 scrolls of identify
 m - a scroll of enchant weapon
Potions
 h - 3 potions of curing
 k - a potion of heal wounds {unknown}
 o - a potion of magic {unknown}
 q - a potion of lignification {unknown}
Comestibles
 f - 3 bread rations
 g - 3 royal jellies


   Skills:
 - Level 2.0 Fighting
 + Level 3.3 Short Blades
 + Level 3.4 Throwing
 - Level 1.0 Dodging
 + Level 6.6 Stealth


You had 4 spell levels left.
You didn't know any spells.

Dungeon Overview and Level Annotations

Branches:
Dungeon (3/15)

Altars:
Elyvilon
Fedhas


Innate Abilities, Weirdness & Mutations

You cannot wear most types of armour.
You are very stealthy in the water. (Stealth+)
You are amphibious.
You can wear up to eight rings at the same time.
You can use your tentacles to constrict eight enemies at once.
Your skin changes colour to match your surroundings (Stealth+).
Your rubbery body absorbs attacks. (AC +1, EV +1)


Message History

The hungry ghost is moderately damaged.
The hungry ghost completely misses you.
You barely miss the hungry ghost. Your squeeze misses the hungry ghost.
The hungry ghost is moderately damaged.
The hungry ghost hits you.
* * * LOW HITPOINT WARNING * * *
You are starving!
You hit the hungry ghost.
The hungry ghost is moderately damaged.
The hungry ghost misses you.
You hit the hungry ghost but do no damage.
The hungry ghost is moderately damaged.
The hungry ghost hits you.
* * * LOW HITPOINT WARNING * * *
You feel somewhat more hungry.
You hit the hungry ghost but do no damage.
You squeeze the hungry ghost.
The hungry ghost is heavily damaged.
The hungry ghost hits you.
You die...

......#..## ......#..#
.....##.## ##.####.#
......).# ###...<÷## ###
#.......## ##.## #
#...†.....####...#.####.
+.........'.....@W......
#.........####......####
##.......## ##.#...#
##.....## ###...#
##...## .### ##+## .# .#
.#


You could see a hungry ghost.

Vanquished Creatures
  Crazy Yiuf (D:2)
  5 adders
  A worm (D:2)
  2 dart slugs (D:1)
  3 leopard geckos
  6 orcs (D:3)
  A giant cockroach (D:2)
  6 goblins
  5 hobgoblins
  A jackal (D:2)
  A quokka (D:3)
  7 bats
  3 frilled lizards (D:2)
  4 kobolds
  7 rats
53 creatures vanquished.

Notes
Turn   | Place    | Note
-------+----------+-------------------------------------------
     0 | D:1      | Eucla the Octopode Assassin began the quest for the Orb.
     0 | D:1      | Reached XP level 1. HP: 14/14 MP: 1/1
    83 | D:1      | Reached XP level 2. HP: 12/19 MP: 2/2
   760 | D:2      | Reached XP level 3. HP: 24/24 MP: 3/3
   998 | D:2      | Reached skill level 6 in Stealth
  1173 | D:2      | Reached XP level 4. HP: 28/29 MP: 4/4
  1334 | D:2      | Found a runed door.
  1550 | D:2      | Noticed Crazy Yiuf
  1559 | D:2      | Killed Crazy Yiuf
  1607 | D:3      | Found a white marble altar of Elyvilon.
  1905 | D:3      | Reached XP level 5. HP: 34/34 MP: 5/5
  1936 | D:3      | Found a blossoming altar of Fedhas.
  2051 | D:3      | HP: 1/34 [bat (1)]
  2374 | D:3      | Noticed a hungry ghost
  2390 | D:3      | Slain by a hungry ghost

Skill      XL: |  1  2  3  4 |
---------------+-------------+-----
Stealth        | 6 |  6.6
Throwing       | 3 |  3.4
Short Blades   | 3 |  3.3
Fighting       | |  2.0
Dodging        | |  1.0

Action                   |  1- 3 |  4- 6 || total
-------------------------+-------+-------++-------
Melee: Dagger            |    50 |     4 ||    54
       Constrict         |    10 |    10 ||    20
       Tentacles         |     5 |     7 ||    12
       Short sword       |       |    55 ||    55
  Use: Scroll            |       |     3 ||     3
 Stab: Sleeping          |    18 |     7 ||    25
       Distracted        |       |     1 ||     1
  Eat: Chunk             |       |     3 ||     3
       Meat ration       |       |     1 ||     1
Armor: Skin              |     3 |    20 ||    23
Dodge: Dodged            |    15 |    62 ||    77
